AoeStats
← DeadlyAgus

Arabian Desert

510138951Analyzed
1v1 RM · 3d ago on Sep 29, 2026· 64m 2s· 2 players
Game mode
Random Map
Map size
Tiny (2 player)
Population
200
Speed
Normal
Resources
Standard
Victory
Conquest
Starting age
Dark Age
Ending age
Imperial Age
RankedLock teamsTeams togetherTeam positionsShared explorationLock speedFull tech treeHidden civsTurbo modeCheats
Victory
Defeat
🇫🇮 Magyars · Finland
1165
+16
🇨🇴 Magyars · Colombia
1158
-16
DeadlyAgus
1:30 Loom
12:02 Feudal Age
15:39 Double-Bit Axe
23:05 Scale Barding Armor
26:31 Castle Age
25:06 Gold Mining
26:06 Bloodlines
26:15 Town Watch
26:20 Horse Collar
26:43 Fletching
28:26 Husbandry
32:41 Chain Barding Armor
45:03 Imperial Age
45:19 Cavalier
56:50 Plate Barding Armor
57:09 Light Cavalry
hikiperc
5:00 Loom
9:40 Feudal Age
10:09 Man-at-Arms
12:17 Arson
15:11 Fletching
17:47 Wheelbarrow
23:30 Castle Age
23:51 Stone Mining
24:31 Bodkin Arrow
25:37 Scale Barding Armor
26:36 Double-Bit Axe
30:08 Bow Saw
32:04 Gold Mining
33:23 Gold Shaft Mining
37:54 Imperial Age
37:16 Thumb Ring
37:33 Chain Barding Armor
42:04 Ballistics
52:05 Heavy Cavalry Archer
56:26 Corvinian Army
55:47 Elite Magyar Huszar
56:48 Conscription
58:44 Plate Barding Armor
58:09 Bracer
58:23 Husbandry
58:33 Bloodlines
64:32 Hand Cart
64:03 Town Watch
Connection lost

Rejoining the realm…

Still unreachable

The connection could not be restored.

Session expired

The server has moved on; the page needs a fresh start.